 Dungeon Crawl Stone Soup version 0.31.0-9-g3a7656b989 (webtiles) character file.

Game seed: 395047314016928307

111 qw the Skirmisher (level 4, -1/25 HPs)
             Began as a Deep Elf Hunter on Feb 2, 2024.
             Slain by a kobold brigand
             ... wielding a +3 dagger of speed
              (3 damage)
             ... on level 3 of the Dungeon.
             The game lasted 00:00:08 (1970 turns).

qw the Skirmisher (Deep Elf Hunter)                 Turns: 1970, Time: 00:00:08

Health: -1/25      AC:  8    Str: 10    XL:     4   Next: 62%
Magic:  6/6        EV: 11    Int: 14    God:
Gold:   134        SH:  0    Dex: 18    Spells: 3/3 levels left

rFire   . . .        a - +0 shortbow
rCold   . . .        (shield currently unavailable)
rNeg    . . .        e - +0 ring mail {Will+}
rPois   .            (no helmet)
rElec   .            (no cloak)
rCorr   .            h - +2 pair of gloves
SInv    .            (no boots)
Will    +....        (no amulet)
Stlth   +            (no ring)
HPRegen 0.24/turn    (no ring)
MPRegen 0.10/turn

%: no passive effects
@: about to teleport, slowed, very slow
A: no striking features
a: no special abilities


You were on level 3 of the Dungeon.
You visited 1 branch of the dungeon, and saw 3 of its levels.

You collected 134 gold pieces.


   Skills:
 - Level 1.5 Fighting
 + Level 8.0 Ranged Weapons
 - Level 2.4 Dodging
 - Level 1.2 Stealth


You had 3 spell levels left.
You didn't know any spells.
Your spell library was empty.

Inventory:

Hand Weapons
 a - a +0 shortbow (weapon)
Armour
 e - a +0 ring mail of willpower (worn)
 h - a +2 pair of gloves (worn)
Jewellery
 j - a ring of ice
Scrolls
 l - 2 scrolls of teleportation
Potions
 b - 2 potions of might
 d - a potion of heal wounds {unknown}
 g - a potion of invisibility {unknown}
 i - a potion of mutation {unknown}
 k - a potion of curing {unknown}

Dungeon Overview and Level Annotations

Branches:
Dungeon (3/15)

Altars:
Ashenzari


Message History

The kobold brigand throws a curare-tipped dart.
The curare-tipped dart misses you.
You shoot an arrow. The arrow hits the kobold brigand!
The kobold brigand is moderately wounded.
You shoot an arrow. The arrow hits the kobold brigand.
The kobold brigand is moderately wounded.
The kobold brigand throws a curare-tipped dart.
The curare-tipped dart hits you.
You are poisoned.
You have difficulty breathing.
You feel yourself slow down.
You shoot an arrow.
The arrow hits the kobold brigand but does no damage.
The kobold brigand is moderately wounded.
You feel very sick. The kobold brigand closely misses you.
You shoot an arrow. The arrow hits the kobold brigand!
The kobold brigand is heavily wounded.
You feel very sick.
The kobold brigand hits you with a +3 dagger of speed.
The kobold barely misses you.
You shoot an arrow.
The arrow barely misses the kobold brigand.
You feel sick. The kobold brigand barely misses you.
The kobold hits you but does no damage. The kobold brigand closely misses you.
The kobold brigand hits you but does no damage.
The kobold barely misses you.
You shoot an arrow.
The arrow closely misses the kobold brigand.
The arrow barely misses the hobgoblin.
You feel sick.
The kobold brigand hits you with a +3 dagger of speed.
The kobold hits you but does no damage.
1970 ||| READING 3 scrolls of teleportation.
As you read the scroll of teleportation, it crumbles to dust.
You feel strangely unstable.
You feel sick.
You are no longer poisoned.
The kobold hits you but does no damage. The hobgoblin misses you.
The kobold brigand hits you with a +3 dagger of speed. x2
You die...

#.......# #.##...##.#.
########.#####.##...##.#.
#.........##.............
#.######..##.#.###.......
#.# #..##<#.# #####.#. #.#
####..#.#..#######.#. #.#
#......###.........##
##.###.#.Kg..#.#######..##
#.....#..@K.#.## #..#
#..###.###K.#.# #..#
#.......~#..#.###### #..#
#.#####~~#.)##)....###).#
#.# #~~##..#####......#
#.# ~~~~#..# #####.## #.#
#~~~~#..# #.# ##.##
#~~~~#..# #.#
###...####~~##..# #.#


You could see a kobold brigand, a hobgoblin and 2 kobolds.

Vanquished Creatures
  Jessica (D:3)
  3 adders
  2 dart slugs (D:1)
  An orc (D:3)
  2 bats
  4 endoplasms
  4 giant cockroaches
  5 hobgoblins
  5 quokkas
  7 ball pythons
  2 frilled lizards
  4 goblins
  7 kobolds
  7 rats
54 creatures vanquished.

Notes
Turn   | Place    | Note
-------+----------+-------------------------------------------
     0 | D:1      | qw the Deep Elf Hunter began the quest for the Orb.
     0 | D:1      | Reached XP level 1. HP: 12/12 MP: 3/3
     0 | D:1      | 0 ||| qw: Version: 0.3-a-155-g5e7d8dd
     0 | D:1      | 0 ||| qw: Game counter: 2001
     0 | D:1      | 0 ||| qw: Melee chars always use a shield: true
     0 | D:1      | 0 ||| qw: God list: Okawaru
     0 | D:1      | 0 ||| qw: Allow faded altars: false
     0 | D:1      | 0 ||| qw: Do Orc after clearing Dungeon:15 true
     0 | D:1      | 0 ||| qw: Do second Lair branch before Depths: true
     0 | D:1      | 0 ||| qw: Lair rune preference: random
     0 | D:1      | 0 ||| qw: Goals: Normal
     0 | D:1      | 0 ||| PLANNING D:1-11
   196 | D:1      | Reached XP level 2. HP: 16/16 MP: 4/4
   226 | D:1      | Reached skill level 6 in Ranged Weapons
   839 | D:1      | 839 ||| READING scroll labelled OSHEKO JIANE.
   840 | D:1      | 840 ||| READING scroll labelled SAEPICR ESONG.
   845 | D:1      | 845 ||| DROPPING scroll of butterflies.
   877 | D:2      | 877 ||| STAIRDANCE
   890 | D:2      | Reached XP level 3. HP: 17/20 MP: 5/5
  1109 | D:2      | Reached skill level 7 in Ranged Weapons
  1203 | D:2      | 1203 ||| FLEEEEING.
  1204 | D:2      | 1204 ||| FLEEEEING.
  1205 | D:2      | 1205 ||| FLEEEEING.
  1206 | D:2      | 1206 ||| FLEEEEING.
  1207 | D:2      | 1207 ||| FLEEEEING.
  1208 | D:2      | 1208 ||| FLEEEEING.
  1209 | D:2      | 1209 ||| FLEEEEING.
  1210 | D:2      | 1210 ||| FLEEEEING.
  1211 | D:2      | 1211 ||| FLEEEEING.
  1338 | D:2      | 1338 ||| UPGRADING to +0 ring mail of willpower.
  1348 | D:2      | 1348 ||| DROPPING +0 leather armour.
  1349 | D:2      | 1349 ||| UPGRADING to +2 pair of gloves.
  1354 | D:2      | 1354 ||| DROPPING scarf of shadows.
  1355 | D:2      | 1355 ||| READING 2 scrolls labelled NYREMI WEGICW.
  1394 | D:2      | 1394 ||| DRINKING 2 black potions.
  1395 | D:2      | 1395 ||| DROPPING scroll of torment.
  1427 | D:3      | Noticed Jessica
  1433 | D:3      | Killed Jessica
  1434 | D:3      | Reached XP level 4. HP: 25/25 MP: 6/6
  1629 | D:3      | Found a broken altar of Ashenzari.
  1742 | D:3      | Reached skill level 8 in Ranged Weapons
  1808 | D:3      | Noticed a kobold brigand
  1930 | D:3      | 1930 ||| READING scroll labelled RUYLEICU TOUHI.
  1931 | D:3      | 1931 ||| DRINKING 2 metallic dark potions.
  1932 | D:3      | 1932 ||| DROPPING potion of magic.
  1969 | D:3      | HP: 5/25 [kobold brigand/+3 dagger of speed (2)]
  1970 | D:3      | 1970 ||| READING 3 scrolls of teleportation.
  1970 | D:3      | HP: 2/25 [kobold brigand/+3 dagger of speed (2)]
  1970 | D:3      | Slain by a kobold brigand

Levels and vault maps discovered:
D:1:      dpeg_arrival_pits, layout_loops_corners, chequers_arboretum
D:2:      layout_rooms
D:3:      cheibrodos_thug_alley, layout_loops_ring,
          nicolae_ashenzari_panopticon, uniq_jessica

Skill      XL: |  1  2  3  4 |
---------------+-------------+-----
Ranged Weapons | 6 7 8 |  8.0
Fighting       | |  1.5
Dodging        | |  2.4
Stealth        | |  1.2

Action                     |  1- 3 |  4- 6 || total
---------------------------+-------+-------++-------
   Fire: Shortbow          |    96 |    57 ||   153
    Use: Scroll            |     3 |     2 ||     5
         Potion            |     1 |     1 ||     2
 Armour: Leather armour    |    19 |       ||    19
         Ring mail         |       |    20 ||    20
  Dodge: Dodged            |    24 |    13 ||    37

Table legend:
 A = Non-vault XP
 B = Vault XP
 C = Vault XP percentage of total XP
 D = Non-vault monster count
 E = Vault monster count
 F = Vault count percentage of total count
                 A         B        C        D         E       F
            +---------+---------+-------+---------+---------+-------
      Total |     118 |      41 |  25.8 |      50 |       4 |   7.4
            +---------+---------+-------+---------+---------+-------
        D:1 |      39 |       0 |   0.0 |      23 |       0 |   0.0
        D:2 |      36 |       0 |   0.0 |      14 |       0 |   0.0
        D:3 |      43 |      41 |  48.8 |      13 |       4 |  23.5
            +---------+---------+-------+---------+---------+-------
